 Dungeon Crawl Stone Soup version 0.30-a0-777-ga9a30cbeda (webtiles) character file.

Game seed: 6151587965543550090

462 Esekla the Covert (level 7, 0/37 HPs)
             Began as a Vine Stalker Delver on Feb 13, 2023.
             Was a Believer of Vehumet.
             Slain by Crazy Yiuf
             ... wielding a +2 quarterstaff of chaos
              (7 damage)
             ... on level 3 of the Dungeon on Feb 14, 2023.
             The game lasted 00:16:37 (3172 turns).

Esekla the Covert (Vine Stalker Delver)             Turns: 3172, Time: 00:16:37

Health: 0/37       AC:  4    Str: 15    XL:     7   Next: 7%
Magic:  0/11       EV: 12    Int: 12    God:    Vehumet [**....]
Gold:   279        SH:  0    Dex: 15    Spells: 9/10 levels left

rFire   . . .      SeeInvis .    a - +0 falchion
rCold   . . .      Faith    .    (no shield)
rNeg    . . .      Spirit   +    b - +1 leather armour
rPois   +          Reflect  .    (no helmet)
rElec   .          Harm     .    (no cloak)
rCorr   .          Rampage  .    (no gloves)
Will    .....                    (no boots)
Stlth   ++++                     (no amulet)
HPRegen 1.06/turn                k - ring of poison resistance
MPRegen 0.12/turn                (no ring)

@: no status effects
A: fangs 2, regeneration 1, magic shield, antimagic bite, no potion heal 2
a: Renounce Religion


You were on level 3 of the Dungeon.
You worshipped Vehumet.
Vehumet was pleased with you.
You visited 2 branches of the dungeon, and saw 6 of its levels.

You collected 279 gold pieces.

Inventory:

Hand Weapons
 a - a +0 falchion (weapon)
 r - a +0 spear
 s - a +0 dagger
Missiles
 w - a throwing net (quivered)
Armour
 b - a +1 leather armour (worn)
Jewellery
 k - a ring of poison resistance (left hand)
Wands
 g - a wand of digging (3)
Scrolls
 c - a scroll of fog
 d - a scroll of immolation {unknown}
 e - a scroll of poison {unknown}
 i - 2 scrolls of identify {unknown}
 j - a scroll of teleportation {unknown}
 m - a scroll of torment {unknown}
 n - a scroll of brand weapon {unknown}
 q - a scroll of enchant armour
Potions
 f - 3 potions of curing {unknown}
 h - a potion of degeneration {unknown}
 l - a potion of flight {unknown}
 o - 2 potions of heal wounds {unknown}
 p - a potion of attraction {unknown}
 t - a potion of might {unknown}
 u - a potion of invisibility {unknown}
 v - a potion of haste


   Skills:
 * Level 3.7 Fighting
 + Level 0.1(2.0) Short Blades
 * Level 3.3 Long Blades
 + Level 1.2 Armour
 + Level 2.0 Dodging
 + Level 8.0 Stealth
 * Level 2.4 Spellcasting
 * Level 0.6 Conjurations


You had 9 spell levels left.
You knew the following spells:

 Your Spells              Type           Power      Damage    Failure   Level
a - Magic Dart            Conj           12%        1d3       24%         1

Your spell library contained the following spells:

 Spells                   Type           Power      Damage    Failure   Level
 Shock                    Conj/Air       8%         1d3       28%         1
 Summon Small Mammal      Summ           4%         N/A       32%         1
 Dazzling Flash           Conj/Hex       4%         N/A       63%         3
 Call Canine Familiar     Summ           1%         N/A       67%         3
 Summon Guardian Golem    Hex/Summ       1%         N/A       67%         3
 Agony                    Necr           1%         N/A       100%        5
 Silence                  Hex/Air        0%         N/A       100%        5


Dungeon Overview and Level Annotations

Branches:
Dungeon (5/15)             Temple (1/1) D:5

Altars:
Ashenzari
Cheibriados
Dithmenos
Elyvilon
Fedhas
Gozag
Hepliaklqana
Okawaru
Qazlal
Ru
Sif Muna
Vehumet
Yredelemnul
Zin
The Shining One

Annotations:
D:2 jelly
D:3 Crazy Yiuf


Innate Abilities, Weirdness & Mutations

You have extremely sharp teeth.
Your natural rate of healing is unusually fast.
When hurt, damage is shared between your health and your magic reserves.
Your bite disrupts and absorbs the magic of your enemies.
Potions cannot restore your health.


Message History

Magic restored.
There is an open door here.
There is an open door here.
There is a stone staircase leading down here.
Crazy Yiuf shouts!
Crazy Yiuf yells, "You Hive high!"
Crazy Yiuf whimpers, "Mountain rumpyflump sanguine!"
Crazy Yiuf is nearby!
Crazy Yiuf zaps a wand.
Some rock shatters into small pieces.
You start waiting.
Crazy Yiuf is nearby!
Crazy Yiuf shouts!
Crazy Yiuf says, "Fire snail light!"
Crazy Yiuf zaps a wand.
Some rock shatters into small pieces.
Okay, then.
Crazy Yiuf hits you with a +2 quarterstaff of chaos.
Crazy Yiuf burns you.
You hit Crazy Yiuf but do no damage.
Crazy Yiuf hits you with a +2 quarterstaff of chaos!
Crazy Yiuf freezes you.
You hit Crazy Yiuf. Your bite misses Crazy Yiuf.
Crazy Yiuf is moderately wounded.
Crazy Yiuf closely misses you.
You hit Crazy Yiuf.
Crazy Yiuf is heavily wounded.
Crazy Yiuf closely misses you.
You hit Crazy Yiuf. You bite Crazy Yiuf. You drain his power.
You feel invigorated.
Crazy Yiuf is heavily wounded.
Crazy Yiuf hits you with a +2 quarterstaff of chaos!
You easily resist.
You hit Crazy Yiuf but do no damage.
Crazy Yiuf is heavily wounded.
Crazy Yiuf misses you. x2
You hit Crazy Yiuf.
Crazy Yiuf is severely wounded.
Crazy Yiuf hits you with a +2 quarterstaff of chaos!
* * * LOW HITPOINT WARNING * * *
You are electrocuted!
You die...

#..######.##.#########
#..# #.##.# #.##
###### #.# #.# #.# ###
###### ###.# #)..###
##P...## ....#
#...g.####......#
###.#
#...#...#g@.....# #
#.# ### ##.#...P....#
###.# ##.#######.#
..#.# ## ##.# #.>.#
##### #..#
##.######.#.# ##.#
#.........#.# #.#
#..########.# #.# #..#
#.# #.#


You could see Crazy Yiuf.

Vanquished Creatures
  Grinder (D:4)
  A necrophage (D:3)
  2 hounds (D:4)
  An orc priest (D:2)
  An orc wizard (D:3)
  An adder (D:2)
  A worm (D:2)
  A dart slug (D:1)
  3 orcs
  9 ball pythons
  7 endoplasms
  4 giant cockroaches
  3 hobgoblins
  12 jackals
  4 kobolds
  A quokka (D:1)
  2 bats
  7 frilled lizards
  8 goblins
  3 rats
72 creatures vanquished.

Notes
Turn   | Place    | Note
-------+----------+-------------------------------------------
     0 | D:5      | Esekla the Vine Stalker Delver began the quest for the Orb.
     0 | D:5      | Reached XP level 1. HP: 11/11 MP: 2/2
    11 | D:5      | Noticed a phantom
    14 | D:5      | Noticed a hound
    32 | D:5      | Noticed an iguana
    33 | D:5      | Found a staircase to the Ecumenical Temple.
    33 | D:5      | Noticed a scorpion
    41 | Temple   | Entered the Ecumenical Temple
    46 | Temple   | Became a worshipper of Vehumet
    75 | D:4      | Killed a hound
    76 | D:4      | Reached skill level 1 in Spellcasting
    76 | D:4      | Reached XP level 2. HP: 7/16 MP: 2/4
    76 | D:4      | Reached XP level 3. HP: 9/19 MP: 2/5
   208 | D:4      | Gained mutation: Your natural rate of healing is unusually
                  | fast. [Vine Stalker growth]
   208 | D:4      | Reached XP level 4. HP: 14/24 MP: 4/6
   257 | D:4      | Noticed Grinder
   271 | D:4      | Killed Grinder
   272 | D:4      | Reached skill level 7 in Stealth
   272 | D:4      | Reached XP level 5. HP: 18/28 MP: 3/9
   272 | D:4      | Reached XP level 6. HP: 20/32 MP: 3/10
   705 | D:3      | Found a runed translucent door.
   706 | D:3      | Noticed Crazy Yiuf
  1157 | D:1      | Found a faded altar of an unknown god.
  1378 | D:1      | Reached * piety under Vehumet
  1378 | D:1      | Offered knowledge of Magic Dart by Vehumet.
  2474 | D:2      | Learned a level 1 spell: Magic Dart
  2578 | D:2      | Reached skill level 1 in Armour
  2714 | D:2      | Reached ** piety under Vehumet
  2714 | D:2      | Offered knowledge of Shock by Vehumet.
  2731 | D:3      | Reached skill level 8 in Stealth
  2867 | D:3      | Reached XP level 7. HP: 35/37 MP: 8/11
  3172 | D:3      | Slain by Crazy Yiuf

Illustrated notes

Levels and vault maps discovered:
D:1:      erik_arrival_cave_to_civilisation [erik_arrival_cave_to_hall],
          layout_loops_ring, hellmonk_ecumenical_altar_lost_god, chequers_avenue
D:2:      layout_rooms
D:3:      layout_basic, grunt_decor_resistance, corexii_leaking_fountain,
          uniq_crazy_yiuf_cottage
D:4:      minmay_angry_zag, layout_loops_ring, uniq_grinder, uniq_blork_the_orc
D:5:      layout_rooms, amethyst_overflow_temple_binary,
          minmay_temple_entry_glass, uniq_pikel
Temple:   minmay_freezing_vapour_temple

Skill      XL: |  1  2  3  4  5  6 |
---------------+-------------------+-----
Long Blades    | 2 3 |  3.3
Spellcasting   | 1 2 |  2.4
Fighting       | 3 |  3.7
Stealth        | 7 8 |  8.0
Dodging        | 2 |  2.0
Armour         | 1 |  1.2
Short Blades   | |  0.1
Conjurations   | |  0.6

Action                     |  1- 3 |  4- 6 |  7- 9 || total
---------------------------+-------+-------+-------++-------
  Melee: Falchion          |    14 |   162 |     6 ||   182
         Bite              |     4 |    45 |     1 ||    50
         Dagger            |       |    13 |       ||    13
         Punch             |       |     1 |       ||     1
   Cast: Magic Dart        |       |     3 |       ||     3
    Use: Scroll            |     4 |       |       ||     4
         Potion            |     1 |       |       ||     1
   Stab: Sleeping          |     2 |    15 |       ||    17
 Armour: Leather armour    |     5 |    58 |       ||    63
  Dodge: Dodged            |    14 |   101 |     4 ||   119

Table legend: (Time is in decaauts)
 A = Elapsed time spent in this place.
 B = Non-inter-level travel time spent in this place.
 C = Inter-level travel time spent in this place.
 D = Time resting spent in this place.
 E = Time spent auto-exploring this place.
 F = Levels seen in this place.
 G = Mean time per level.
                   A        B        C        D        E       F      G
               +--------+--------+--------+--------+--------+-----+--------+
         Total |   3181 |   3131 |     50 |    238 |   1098 |   6 |  530.2 |
       Dungeon |   3174 |   3124 |     50 |    238 |   1098 |   5 |  634.8 |
        Temple |      7 |      7 |      0 |      0 |      0 |   1 |    7.0 |
               +--------+--------+--------+--------+--------+-----+--------+

Top non-repeatable levels by time:
     D:1: 1097 daAuts
     D:3: 945 daAuts
     D:2: 671 daAuts
     D:4: 408 daAuts
     D:5: 51 daAuts
  Temple: 7 daAuts
